 Dungeon Crawl Stone Soup version bcrawl-1.38.1 (webtiles) character file.

Game seed: 5880248539364464626

115897 Alturiack the Slasher (level 4, -5/35 HPs)
             Began as a Barachi Sloth Apostle on Apr 9, 2023.
             Was a Follower of Cheibriados.
             Slain by a bullfrog skeleton (9 damage)
             ... on level 3 of the Dungeon.
             The game lasted 00:12:10 (2401 turns).

Alturiack the Slasher (Barachi Sloth Apostle)       Turns: 2401, Time: 00:12:10

Health: -5/35      AC:  2    Str: 17    XL:     4   Next: 67%
Magic:  7/7        EV:  6    Int: 16    God:    Cheibriados [*.....]
Gold:   151        SH:  9    Dex: 14    Spells: 6/7 levels left

rFire    . . .     GDR:     28% a - +0 falchion
rCold    . . .     SeeInvis .   c - +0 medium shield
rNeg     . . .     Gourm    .   b - +0 robe
rPois    .         Faith    .   (no helmet)
rElec    .         Spirit   .   (no cloak)
rCorr    .         Reflect  .   (no gloves)
MR       .....     Clarity  +   (no boots)
Stlth    ++........             (no amulet)
HPRegen  0.15/turn              (no ring)
MPRegen  0.10/turn              (no ring)

@: very slow
A: +LOS, swims, slowness 1, strong legs 1
a: Hop, Bend Time, Renounce Religion


You were on level 3 of the Dungeon.
You worshipped Cheibriados.
Cheibriados was aware of your devotion.
You were hungry.

You visited 1 branch of the dungeon, and saw 3 of its levels.

You collected 151 gold pieces.

Inventory:

Hand Weapons
 a - a +0 falchion (weapon)
 h - a +0 mace
Armour
 b - a +0 robe (worn)
 c - a +0 medium shield (worn)
 k - a +0 robe
 n - a +0 robe
Jewellery
 j - an uncursed ring of see invisible {unknown}
Wands
 d - a wand of paralysis (10)
 q - a wand of iceblast (10)
Scrolls
 f - 3 scrolls of teleportation {unknown}
 g - a scroll of enchant armour {unknown}
 i - 4 scrolls of identify
 p - a scroll of magic mapping {unknown}
Potions
 l - a potion of lignification {unknown}
 m - a potion of curing {unknown}
 o - a potion of flight {unknown}
 r - a potion of brilliance {unknown}
 s - a potion of ambrosia {unknown}
 t - a potion of mutation {unknown}
Comestibles
 e - 4 rations {!d}


   Skills:
 * Level 3.2 Fighting
 * Level 3.3 Long Blades
 * Level 2.1 Armour
 - Level 3.0 Stealth
 - Level 2.1 Shields
 * Level 2.1 Spellcasting
 * Level 3.0 Hexes
 - Level 1.1 Evocations


You had 6 spell levels left.
You knew the following spells:

 Your Spells              Type           Power        Failure   Level  Hunger
a - Slow                  Hex            ##......     78%         1    None
Your spell library was empty.

Dungeon Overview and Level Annotations

Branches:
Dungeon (3/12)

Altars:


Innate Abilities, Weirdness & Mutations

You can see and be seen from farther away.
You can swim through water.
You cover ground slowly.
You can hop short distances.


Message History

The bullfrog skeleton hits you! x2
You hit the bullfrog skeleton.
The bullfrog skeleton is lightly damaged.
The bullfrog skeleton hits you.
The bullfrog skeleton barely misses you.
You hit the bullfrog skeleton but do no damage.
The bullfrog skeleton is lightly damaged.
You block the bullfrog skeleton's attack.
You slash the bullfrog skeleton!
The bullfrog skeleton is heavily damaged.
The bullfrog skeleton hits you but does no damage.
You block the bullfrog skeleton's attack.
You slash the bullfrog skeleton!
The bullfrog skeleton is almost destroyed.
The bullfrog skeleton hits you!
* * * LOW HITPOINT WARNING * * *
Your shield prevents you from hitting the bullfrog skeleton.
The bullfrog skeleton is almost destroyed.
The bullfrog skeleton hits you!
You die...

######### #.......#
#.#####.# ### #.#
#.# ..
#.#####'###########.
#....#..............
####.#...###........
#.####.#...#
#........
#..Z@.#...#
#.....)..
#.#####...#
#........ #...#
######### #...#
#####


You could see a bullfrog skeleton.

Vanquished Creatures
  Jessica (D:2)
  4 oozes
  A dart slug (D:1)
  4 leopard geckos
  An orc (D:3)
  2 giant cockroaches
  9 goblins
  6 hobgoblins (D:1)
  2 ball pythons
  6 bats
  A frilled lizard (D:1)
  4 kobolds
  4 rats
45 creatures vanquished.

Notes
Turn   | Place    | Note
-------+----------+-------------------------------------------
     0 | D:1      | Alturiack the Barachi Sloth Apostle began the quest for the
                  | Orb.
     0 | D:1      | Reached XP level 1. HP: 17/17 MP: 2/2
   208 | D:1      | Reached XP level 2. HP: 16/23 MP: 3/3
   616 | D:1      | Reached skill level 1 in Armour
   729 | D:1      | Reached XP level 3. HP: 26/28 MP: 5/5
  1421 | D:2      | Reached * piety under Cheibriados
  1642 | D:2      | Noticed Jessica
  1657 | D:2      | Killed Jessica
  1658 | D:2      | Reached XP level 4. HP: 11/35 MP: 5/7
  1995 | D:2      | Found a faded altar of an unknown god.
  2401 | D:3      | Slain by a bullfrog skeleton

Skill      XL: |  1  2  3  4 |
---------------+-------------+-----
Armour         | 1 2 |  2.1
Fighting       | 3 |  3.2
Long Blades    | 3 |  3.3
Spellcasting   | 2 |  2.1
Hexes          | 3 |  3.0
Stealth        | |  3.0
Shields        | |  2.1
Evocations     | |  1.1

Action                   |  1- 3 |  4- 6 || total
-------------------------+-------+-------++-------
Melee: Falchion          |   127 |    41 ||   168
 Stab: Sleeping          |     5 |     1 ||     6
  Eat: Chunk             |     6 |     4 ||    10
Armor: Robe              |    35 |     8 ||    43
Dodge: Dodged            |    29 |    12 ||    41
Block: Medium shield     |    62 |    18 ||    80
